 Dungeon Crawl Stone Soup version 0.22-b1-26-g9dbaab1 (webtiles) character file.

34050 Doobh the Covert (level 14, -2/90 HPs)
             Began as a Kobold Assassin on Aug 6, 2018.
             Was an Elder of Dithmenos.
             Succumbed to a sea snake's poison
             ... on level 1 of the Shoals on Aug 7, 2018.
             The game lasted 02:31:56 (25036 turns).

Doobh the Covert (Kobold Assassin)                 Turns: 25036, Time: 02:31:57

Health: -2/90      AC: 19    Str:  8    XL:     14   Next: 11%
Magic:  20/20      EV: 10    Int: 14    God:    Dithmenos [****..]
Gold:   654        SH:  0    Dex: 20    Spells: 8/13 levels left

rFire    . . .     SeeInvis +   k - +2 short sword (venom)
rCold    . . .     Gourm    .   (shield restricted)
rNeg     . . .     Faith    .   L - +0 shadow dragon scales
rPois    .         Spirit   .   z - +1 hat
rElec    .         Reflect  .   d - +1 cloak
rCorr    .         Harm     .   (no gloves)
MR       +....                  M - +1 pair of boots {Fly}
Stlth    +++++++++.             Q - amulet of magic regeneration
HPRegen  0.25/turn              R - -2 ring of evasion (curse)
MPRegen  0.42/turn              r - ring of see invisible

@: lethally poisoned (-2 -> -49), flying, hasted, wreathed by umbra, very quick
A: small, repulsion field 1, slimy green scales 1, blink, carnivore
a: Blink, Shadow Step, Renounce Religion, Stop Flying


You were on level 1 of the Shoals.
You worshipped Dithmenos.
Dithmenos was greatly pleased with you.
You were very full.

You visited 4 branches of the dungeon, and saw 18 of its levels.
You also visited: Labyrinth and Sewer.

You collected 888 gold pieces.
You spent 234 gold pieces at shops.

Inventory:

Hand Weapons
 b - a +0 blowgun
 k - a +2 short sword of venom (weapon)
 m - a +1 rapier
 D - the +6 whip "Wuhuu" {holy, MR+ Int+4}
   (You found it in a labyrinth)

   It has been blessed by the Shining One to cause great damage to the undead
   and demons.
   It affects your intelligence (+4).
   It affects your resistance to hostile enchantments.
Missiles
 e - 33 poisoned needles
Armour
 d - a +1 cloak (worn)
 y - the +3 robe "Inniap" {rElec Str-3 Dex+5 Stlth+}
   (You bought it in a shop on level 11 of the Dungeon)

   It affects your strength (-3).
   It affects your dexterity (+5).
   It insulates you from electricity.
   It makes you more stealthy.
 z - a +1 hat (worn)
 L - +0 shadow dragon scales (worn)
 M - a +1 pair of boots of flying (worn)
Jewellery
 h - the ring of Soihumepliu {rCorr rPois}
   (You found it in a labyrinth)

   [ring of resist corrosion]

   It protects you from poison.
 p - an uncursed ring of fire
 r - a ring of see invisible (right hand)
 t - a +6 ring of dexterity
 A - an uncursed amulet of guardian spirit
 Q - an amulet of magic regeneration (around neck)
 R - a cursed -2 ring of evasion (left hand)
Wands
 f - a wand of disintegration (16)
 l - a wand of digging (28)
 s - a wand of paralysis (11)
 x - a wand of flame (100)
 J - a wand of random effects (21)
Scrolls
 a - 2 scrolls of immolation
 i - 2 scrolls of fear
 j - 3 scrolls of fog
 n - 2 scrolls of magic mapping
 q - 3 scrolls of teleportation
 w - 3 scrolls of remove curse
 C - a scroll of vulnerability
 I - a scroll of amnesia
 N - a scroll of enchant weapon
 O - a scroll of enchant armour
Potions
 c - a potion of berserk rage
 o - 2 potions of lignification
 u - a potion of flight
 E - a potion of invisibility {unknown}
 F - a potion of magic {unknown}
 H - a potion of resistance {unknown}
 K - a potion of cancellation {unknown}
Miscellaneous
 G - a sack of spiders
Comestibles
 g - 23 rations


   Skills:
 + Level 11.1 Fighting
 - Level 12.0 Short Blades
 - Level 10.0 Throwing
 * Level 5.2 Armour
 - Level 12.0 Dodging
 - Level 12.1 Stealth
 - Level 8.0 Invocations
 + Level 5.9 Evocations


You had 8 spell levels left.
You knew the following spells:

 Your Spells              Type           Power        Failure   Level  Hunger
a - Shroud of Golubria    Chrm/Tloc      #.........   100%        2    ###....
b - Regeneration          Chrm/Necr      #.........   100%        3    ####...

Your spell library contained the following spells:

 Spells                   Type           Power        Failure   Level  Hunger
 Fireball                 Conj/Fire      #.........   100%        5    ######.
 Conjure Flame            Conj/Fire      #.......     100%        3    ####...
 Bolt of Magma            Conj/Fire/Erth #.........   100%        5    ######.
 Throw Flame              Conj/Fire      #.....       100%        2    ###....
 Freezing Cloud           Conj/Ice/Air   #.........   100%        6    #######
 Mephitic Cloud           Conj/Pois/Air  #.......     100%        3    ####...
 Ring of Flames           Chrm/Fire      #.........   100%        7    #######
 Summon Small Mammal      Summ           #...         100%        1    ##.....
 Animate Dead             Necr           N/A          100%        4    #####..
 Pain                     Necr           #...         100%        1    ##.....
 Animate Skeleton         Necr           N/A          100%        1    ##.....
 Vampiric Draining        Necr           #.........   100%        3    ####...
 Sticky Flame             Conj/Fire      #.......     100%        4    #####..
 Summon Ice Beast         Ice/Summ       #.......     100%        4    #####..
 Call Imp                 Summ           #.......     100%        2    ###....
 Iron Shot                Conj/Erth      #.........   100%        6    #######
 Statue Form              Tmut/Erth      #........    100%        6    #######
 Flame Tongue             Conj/Fire      #....        100%        1    ##.....
 Call Canine Familiar     Summ           #.......     100%        3    ####...
 Shatter                  Erth           #.........   100%        9    #######
 Leda's Liquefaction      Hex/Erth       #.........   100%        4    #####..
 Inner Flame              Hex/Fire       #.......     100%        3    ####...
 Infusion                 Chrm           #...         100%        1    ##.....
 Song of Slaying          Chrm           #.......     100%        2    ###....
 Spectral Weapon          Hex/Chrm       #.......     100%        3    ####...
 Summon Lightning Spire   Summ/Air       #.......     100%        4    #####..
 Summon Guardian Golem    Hex/Summ       #.......     100%        3    ####...
 Poisonous Vapours        Pois/Air       #.....       100%        2    ###....


Dungeon Overview and Level Annotations

Branches:
Dungeon (12/15)            Temple (1/1) D:6            Lair (4/6) D:11
 Shoals (1/4) Lair:3          Orc (0/2) D:11
  Snake: Lair:2-4    Spider: Lair:2-4

Altars:
Ashenzari
Cheibriados
Dithmenos
Elyvilon
Fedhas
Gozag
Kikubaaqudgha
Makhleb
Nemelex Xobeh
Okawaru
Qazlal
Ru
Sif Muna
Trog
Uskayaw
Vehumet
Zin
The Shining One

Shops:
D:11 [

Annotations:
Lair:1 exclusion: 3 oklob plants


Innate Abilities, Weirdness & Mutations

You are small and have problems with some larger weapons.
You are carnivorous and can eat meat at any time.
You are surrounded by a mild repulsion field. (EV +2)
You are partially covered in slimy green scales. (AC +2)
You can translocate small distances at will.


Message History

The sea snake bites you but does no damage.
You closely miss the sea snake.
The sea snake is moderately wounded.
You hit the sea snake.
The sea snake is moderately wounded.
The sea snake bites you!
* * * LOW HITPOINT WARNING * * *
You miss the sea snake.
The sea snake is moderately wounded.
Your shadow hits the sea snake but does no damage.
You hit the sea snake.
The sea snake looks as sick as possible!
The sea snake is heavily wounded.
Your shadow hits the sea snake with a short sword.
The sea snake bites you!
* * * LOW HITPOINT WARNING * * *
You are lethally poisoned!
The sea snake poisons you!
It was a potion of haste.
You feel yourself speed up.
You die...

≈≈≈≈≈≈≈≈≈≈≈≈≈≈≈
≈≈≈≈≈≈≈≈≈≈≈≈≈≈≈
≈≈≈≈≈≈≈≈≈≈≈≈≈≈≈
≈≈≈≈≈≈≈≈≈≈≈≈≈≈≈
≈≈≈≈≈≈≈≈≈≈≈≈≈≈≈
≈≈≈≈≈≈≈≈≈≈≈≈≈≈≈
≈≈≈≈≈≈≈≈≈≈≈≈≈≈≈
≈≈≈≈≈≈≈S≈≈≈≈≈≈≈
≈≈≈≈≈≈≈@≈≈≈≈≈≈≈
≈≈≈≈≈≈≈≈≈≈≈≈≈≈≈
≈≈≈≈≈≈≈≈≈≈≈≈≈≈≈
≈≈≈≈≈≈≈≈≈≈≈≈≈≈≈
≈≈≈≈≈≈≈≈≈≈≈≈≈≈P
≈≈≈≈≈≈≈≈≈≈≈≈≈≈≈
≈≈≈≈≈≈≈≈≈≈≈≈≈≈≈
≈≈≈≈≈≈≈≈≈≈≈≈≈≈≈


You could see a sea snake.

Vanquished Creatures
  A minotaur (Lab)
  2 hydras (Lair:3)
  5 two-headed ogres
  An ogre mage (D:12)
  The ghost of Fiomu the Covered, a novice DsGl of Vehumet (D:7)
  2 unseen horrors
  A wolf spider zombie (D:12)
  2 manticores
  3 ugly things
  A cyclops (Shoals:1)
  Psyche (D:8)
  2 gargoyles
  10 elephants
  5 spiny frogs
  A rime drake (Lair:1)
  2 komodo dragons
  The ghost of Ewnicw the Cudgeler, an amateur MiBe of Trog (D:4)
  Grinder (D:3)
  4 polar bears
  A troll (D:8)
  6 slime creatures (D:12)
  6 blink frogs
  8 hippogriffs
  Sigmund (D:3)
  2 wyverns
  3 hogs (D:7)
  Eustachio (D:6)
  A hungry ghost (D:10)
  17 yaks
  2 basilisks
  A human (D:7)
  A soldier ant (D:12)
  5 porcupines
  6 water moccasins
  7 black bears
  5 sky beasts
  7 ice beasts
  An orc warrior (D:6)
  9 centaurs
  6 ogres
  3 crocodiles
  2 big kobolds
  15 bullfrogs
  An earth elemental (Lab)
  3 scorpions
  10 killer bees (D:12)
  4 wights (D:9)
  A spriggan skeleton (Lab)
  3 jellies
  A crimson imp (D:5)
  A centaur zombie (D:4)
  5 hounds
  3 bullfrog skeletons
  7 orc priests
  A gnoll shaman (D:6)
  Jessica (D:3)
  2 iguanas
  13 orc wizards
  12 worker ants
  A bullfrog simulacrum (D:7)
  3 centaur simulacra
  2 hound zombies
  5 hound skeletons
  A worker ant zombie (D:7)
  9 gnolls
  A howler monkey skeleton (D:5)
  14 adders
  A river rat (Sewer)
  5 shadow imps
  A howler monkey simulacrum (D:4)
  3 white imps
  An ooze (D:2)
  2 worms
  A dart slug (D:1)
  4 adder simulacra
  7 leopard geckos
  46 orcs
  2 ball pythons
  5 giant cockroaches
  5 goblins
  3 hobgoblins
  7 jackals
  3 quokkas
  A ball python zombie (D:5)
  9 bats
  4 frilled lizards
  12 kobolds
  A quokka skeleton (D:9)
  10 rats
399 creatures vanquished.

Vanquished Creatures (others)
  A white imp (D:7)
  5 fungi
  16 plants
22 creatures vanquished.

Grand Total: 421 creatures vanquished

Notes
Turn   | Place    | Note
-------+----------+-------------------------------------------
     0 | D:1      | Doobh the Kobold Assassin began the quest for the Orb.
     0 | D:1      | Reached XP level 1. HP: 12/12 MP: 1/1
   203 | D:1      | Reached XP level 2. HP: 11/17 MP: 2/2
   809 | D:1      | Reached XP level 3. HP: 22/22 MP: 3/3
  1303 | D:2      | Reached XP level 4. HP: 20/27 MP: 4/4
  1655 | D:3      | Noticed an ogre
  1716 | D:3      | Noticed Grinder
  1718 | D:3      | Noticed Sigmund
  1892 | D:2      | Killed an ogre
  1892 | D:2      | Reached XP level 5. HP: 32/32 MP: 5/5
  1929 | D:3      | Paralysed by Grinder for 5 turns
  2306 | D:4      | Reached XP level 6. HP: 37/37 MP: 6/6
  2629 | D:4      | Noticed an ogre
  2660 | D:4      | Killed an ogre
  2660 | D:4      | Reached XP level 7. HP: 42/42 MP: 7/7
  3184 | D:4      | Reached skill level 5 in Short Blades
  3460 | D:4      | Noticed Ewnicw's ghost (amateur MiBe)
  3481 | D:4      | Found a runed gate.
  3481 | D:4      | Found a runed gate.
  3481 | D:4      | Found a runed gate.
  3618 | D:5      | Entered Level 5 of the Dungeon
  3621 | D:5      | You fall through a shaft for 3 floors!
  3625 | D:8      | Noticed a troll
  3665 | D:7      | Noticed a hippogriff
  3748 | D:6      | Found a staircase to the Ecumenical Temple.
  3762 | D:5      | Found a glowing drain.
  3767 | Sewer    | Entered a sewer
  4187 | Sewer    | Found a white marble altar of Elyvilon.
  4719 | D:5      | Reached XP level 8. HP: 41/48 MP: 8/8
  5124 | D:5      | Reached skill level 5 in Fighting
  5331 | D:4      | Reached skill level 5 in Dodging
  5474 | D:6      | Reached skill level 5 in Throwing
  5607 | D:6      | Gained mutation: You are surrounded by a mild repulsion field. (EV +2) [potion of mutation]
  5607 | D:6      | Gained mutation: You can translocate small distances at will. [potion of mutation]
  5607 | D:6      | Gained mutation: You are partially covered in slimy green scales. (AC +2) [potion of mutation]
  6026 | Temple   | Entered the Ecumenical Temple
  6194 | D:6      | Reached XP level 9. HP: 43/54 MP: 9/9
  6371 | D:6      | Noticed Eustachio
  6376 | D:6      | Killed Eustachio
  6902 | D:7      | Found a runed gate.
  6902 | D:7      | Found a runed gate.
  6902 | D:7      | Found a runed gate.
  6987 | D:7      | Noticed Fiomu's ghost (novice DsGl)
  7264 | D:7      | Found a burning altar of Makhleb.
  7267 | D:7      | Found a glowing silver altar of Zin.
  7268 | D:7      | Noticed an angel
  7269 | D:7      | Noticed a blizzard demon
  7679 | D:7      | Killed a hippogriff
  7765 | D:7      | Reached skill level 10 in Stealth
  7765 | D:7      | Reached XP level 10. HP: 42/61 MP: 10/10
  8037 | D:7      | Found a glowing golden altar of the Shining One.
  8125 | D:7      | Found a blossoming altar of Fedhas.
  8317 | D:8      | Noticed Psyche
  8358 | D:8      | Killed Psyche
  8779 | D:8      | Found a shadowy altar of Dithmenos.
  8793 | D:8      | Became a worshipper of Dithmenos the Shadowed
  8825 | D:8      | Noticed a two-headed ogre
  8889 | D:8      | Killed a two-headed ogre
  9607 | D:9      | Noticed a two-headed ogre
 10281 | D:9      | Reached XP level 11. HP: 68/68 MP: 11/11
 10381 | D:9      | Killed a two-headed ogre
 10560 | D:10     | Entered Level 10 of the Dungeon
 10650 | D:10     | Reached skill level 10 in Short Blades
 10837 | D:10     | Reached * piety under Dithmenos
 10936 | D:10     | Noticed a cyan ugly thing
 10942 | D:10     | Killed a cyan ugly thing
 11022 | D:10     | Noticed a two-headed ogre
 11079 | D:10     | Killed a two-headed ogre
 11580 | D:11     | Found a staircase to the Lair.
 11634 | D:11     | Reached skill level 1 in Invocations
 11637 | D:11     | Noticed a two-headed ogre
 11663 | D:11     | Killed a two-headed ogre
 11704 | D:11     | Found Tetzen's Antique Armour Emporium.
 11707 | D:11     | Bought a transparent robe for 142 gold pieces
 11707 | D:11     | Bought an embroidered robe for 92 gold pieces
 11708 | D:11     | Identified the +3 robe "Inniap" {rElec Str-3 Dex+5 Stlth+} (You bought it in a shop on level 11 of the Dungeon)
 11825 | D:11     | Noticed a red ugly thing
 11833 | D:11     | Killed a red ugly thing
 11847 | D:11     | Noticed a brown ugly thing
 11903 | D:11     | Killed a brown ugly thing
 12014 | D:11     | Reached XP level 12. HP: 76/76 MP: 14/14
 12043 | D:11     | Found a staircase to the Orcish Mines.
 12044 | D:11     | Reached ** piety under Dithmenos
 12455 | D:11     | Reached skill level 10 in Dodging
 12479 | D:11     | Noticed an unseen horror
 12503 | D:11     | Killed an unseen horror
 12643 | D:12     | Noticed an ogre mage
 12756 | D:12     | Reached skill level 5 in Invocations
 12759 | D:12     | Noticed an unseen horror
 12908 | D:12     | Noticed a two-headed ogre
 12914 | D:12     | Found a labyrinth entrance.
 12919 | Lab      | Entered a labyrinth
 13176 | Lab      | Noticed a minotaur
 13225 | Lab      | Killed a minotaur
 13548 | Lab      | Found the +7 mace of Variability {chain chaos}
 13548 | Lab      | Got a vibrating golden ring
 14041 | Lab      | Found an exit through the horrors of the Abyss.
 14703 | Lab      | Got an encrusted whip
 14703 | Lab      | Got a distressingly furry plate armour
 15210 | D:12     | Killed an ogre mage
 15215 | D:12     | Killed an unseen horror
 15327 | D:12     | Identified the ring of Soihumepliu {rCorr rPois} (You found it in a labyrinth)
 15964 | D:12     | Killed a two-headed ogre
 15980 | D:12     | Got a dazzling helmet
 16062 | D:12     | Reached *** piety under Dithmenos
 16062 | D:12     | Reached skill level 10 in Fighting
 16164 | D:12     | Reached skill level 10 in Throwing
 16846 | D:12     | Reached XP level 13. HP: 82/82 MP: 18/18
 17579 | D:4      | Killed Ewnicw's ghost
 17875 | D:3      | Found an ancient bone altar of Kikubaaqudgha.
 17894 | D:3      | Noticed Jessica
 17901 | D:3      | Killed Jessica
 17995 | D:3      | Identified the cursed -5 helmet of Cyerran {Dex+3} (You found it on level 12 of the Dungeon)
 18224 | D:3      | Found a shattered altar of Ashenzari.
 18406 | D:3      | Paralysed by Grinder for 6 turns
 18414 | D:3      | Killed Grinder
 18492 | D:3      | Killed Sigmund
 18724 | D:7      | Killed Fiomu's ghost
 18771 | D:7      | Reached skill level 1 in Evocations
 18988 | D:11     | Noticed an eight-headed hydra
 19037 | Lair:1   | Entered Level 1 of the Lair of Beasts
 19147 | Lair:1   | Reached skill level 1 in Armour
 19479 | Lair:1   | Reached **** piety under Dithmenos
 21936 | Lair:3   | Noticed an eight-headed hydra
 21937 | Lair:3   | Killed an eight-headed hydra
 22979 | Lair:3   | Reached skill level 5 in Evocations
 23298 | Lair:3   | Found a staircase to the Shoals.
 23586 | Lair:4   | Noticed a six-headed hydra
 23612 | Lair:3   | Killed a six-headed hydra
 23712 | Lair:4   | Reached XP level 14. HP: 90/90 MP: 20/20
 23764 | Lair:4   | Reached skill level 5 in Armour
 23910 | Lair:3   | Identified the +6 whip "Wuhuu" {holy, MR+ Int+4} (You found it in a labyrinth)
 24706 | Shoals:1 | Entered Level 1 of the Shoals
 24764 | Shoals:1 | Learned a level 2 spell: Shroud of Golubria
 24768 | Shoals:1 | Learned a level 3 spell: Regeneration
 24786 | Shoals:1 | HP: 4/90 [manticore (5)]
 25035 | Shoals:1 | HP: 1/90 [sea snake (13)]
 25036 | Shoals:1 | Succumbed to a sea snake's poison

Skill      XL: |  1  2  3  4  5  6  7  8  9 10 11 12 13 14 |
---------------+-------------------------------------------+-----
Short Blades   | 3 4 5 6 8 9 10 11 12 | 12.0
Stealth        | 6 7 8 10 11 12 | 12.1
Dodging        | 2 3 4 5 6 8 9 10 12 | 12.0
Fighting       | 3 4 5 6 7 9 10 11 | 11.1
Throwing       | 3 4 5 6 7 9 10 | 10.0
Invocations    | 3 7 8 |  8.0
Evocations     | 5 |  5.9
Armour         | 4 5 |  5.2

Action                   |  1- 3 |  4- 6 |  7- 9 | 10-12 | 13-15 || total
-------------------------+-------+-------+-------+-------+-------++-------
Melee: Dagger            |    94 |    57 |   136 |       |       ||   287
       Blowgun           |       |     1 |       |       |       ||     1
       Rapier            |       |       |   241 |       |   613 ||   854
       Short sword       |       |       |    21 |   937 |   460 ||  1418
       Whip              |       |       |       |       |     5 ||     5
 Fire: Blowgun           |       |    24 |    50 |    88 |     3 ||   165
 Abil: Blink             |       |       |     1 |       |       ||     1
       Stop Flying       |       |       |       |       |     1 ||     1
       Evoke Flight      |       |       |       |       |     1 ||     1
Evoke: Wand              |       |       |     1 |     5 |     3 ||     9
       Sack of spiders   |       |       |       |     1 |       ||     1
  Use: Scroll            |     2 |     3 |     7 |    15 |    16 ||    43
       Potion            |       |       |    12 |     6 |     3 ||    21
 Stab: Sleeping          |    10 |     5 |    27 |    28 |    28 ||    98
       Distracted        |       |       |     1 |     7 |     5 ||    13
  Eat: Chunk             |    10 |     3 |    14 |    32 |    29 ||    88
Armor: Robe              |    22 |     6 |    31 |    58 |    31 ||   148
       Shadow dragon sca |       |       |       |       |   270 ||   270
Dodge: Dodged            |    73 |    31 |   286 |   942 |   640 ||  1972
